 Dungeon Crawl Stone Soup version 0.32-a0-791-gfc315c9ecd (webtiles) character file.

Game seed: 9695768098690785823

1228452 Godo the Cryomancer (level 27, -3/206 HPs)
             Began as a Deep Elf Conjurer on Mar 20, 2024.
             Was a High Priest of Sif Muna.
             Slain by Ereshkigal (8 damage)
             ... on level 7 of Tartarus on Mar 21, 2024.
             The game lasted 08:25:46 (151701 turns).

Godo the Cryomancer (Deep Elf Conjurer)           Turns: 151701, Time: 08:25:46

Health: -3/206     AC: 37    Str: 15    XL:     27
Magic:  15/55      EV: 16    Int: 35    God:    Sif Muna [*****.]
Gold:   14037      SH: 20    Dex: 11    Spells: 2/78 levels left

rFire   + + .        z - staff of Riuneq {rElec rPois SInv Air}
rCold   + + +        B - +0 tower shield {rN+}
rNeg    + + +        S - +5 swamp dragon scales
rPois   ∞            Z - +2 hat {Will+}
rElec   +            T - +2 cloak
rCorr   +            Q - +0 pair of fencer's gloves {Riposte Dex+3}
SInv    +            r - +0 pair of boots {Stlth+}
Will    ++...        f - amulet of magic regeneration
Stlth   +++          F - ring "Zadaice" {Fly rF+++ rCorr Stlth-}
HPRegen 0.54/turn    U - ring of the Resonant God {Ice Str+5 Dex-4}
MPRegen 0.74/turn

%: no passive effects
@: ice-armoured, death-form, flying, studying 3 skills, silenced, weak-willed
A: vile attack, torment immunity, no potions, horns 1, cold resistance 1, robust
1, strong 1
}: 12/15 runes: serpentine, barnacled, slimy, silver, iron, obsidian, icy,
demonic, glowing, magical, fiery, dark
a: Siphon Essence, Begin Untransformation, Renounce Religion


You were on level 7 of Tartarus.
You worshipped Sif Muna.
Sif Muna was extremely pleased with you.
You were an undying horror.
You visited 17 branches of the dungeon, and saw 83 of its levels.
You visited Pandemonium 2 times, and saw 23 of its levels.
You also visited: Sewer and Bailey.

You collected 17326 gold pieces.
You spent 3289 gold pieces at shops.

Inventory:

Missiles
 q - 14 darts of dispersal
 J - 7 throwing nets
Armour
 r - a +0 pair of boots of stealth (worn)
 B - a +0 tower shield of positive energy (worn)
 N - the +8 chain mail "Ofuqead" {rElec rF+ Regen+ Dex+3}
   (You found it in Pandemonium)

   Dex+3:     It affects your dexterity (+3).
   rF+:       It protects you from fire.
   rElec:     It insulates you from electricity.
   Regen+:    It increases your rate of health regeneration.
 Q - the +0 pair of fencer's gloves (worn) {Riposte Dex+3}
   (You found it on level 7 of Tartarus)

   Riposte:   It allows the wearer to riposte with melee weapons, swiftly
   retaliating against missed or blocked melee attacks.
   Dex+3:     It affects your dexterity (+3).
 S - +5 swamp dragon scales (worn)
 T - a +2 cloak (worn)
 Z - a +2 hat of willpower (worn)
Magical Staves
 h - the staff "Vyeciof" {rC+ Str+3 Ice}
   (You found it in Pandemonium)

   [staff of cold]

   Base accuracy: +5 Base damage: 5 Base attack delay: 1.2 This weapon's minimum
   attack delay (0.6) is reached at skill level 12.
   Str+3:     It affects your strength (+3).
   rC+:       It protects you from cold.
   Ice:       It increases the power of your Ice spells.
   It falls into the 'Staves' category.
   It is a one-handed weapon.
 z - the staff of Riuneq (weapon) {rElec rPois SInv Air}
   (You found it on level 5 of the Pits of Slime)

   [staff of air]

   Base accuracy: +5 Base damage: 5 Base attack delay: 1.2 This weapon's minimum
   attack delay (0.6) is reached at skill level 12.
   rElec:     It insulates you from electricity.
   rPois:     It protects you from poison.
   SInv:      It lets you see invisible.
   Air:       It increases the power of your Air spells.
   It falls into the 'Staves' category.
   It is a one-handed weapon.
Jewellery
 a - the ring "Rukhoph" {rPois rF+ rC+ Will+ rCorr}
   (You found it on level 7 of Cocytus)

   [ring of protection from cold]

   rF+:       It protects you from fire.
   rC+:       It protects you from cold.
   rPois:     It protects you from poison.
   Will+:     It increases your willpower.
   rCorr:     It protects you from acid and corrosion.
 f - an amulet of magic regeneration (around neck)
 m - an amulet of regeneration
 F - the ring "Zadaice" (left hand) {Fly rF+++ rCorr Stlth-}
   (You found it on level 5 of the Pits of Slime)

   [ring of resist corrosion]

   rF+++:     It renders you almost immune to fire.
   Fly:       It grants you flight.
   rCorr:     It protects you from acid and corrosion.
   Stlth-:    It makes you less stealthy.
 U - the ring of the Resonant God (right hand) {Ice Str+5 Dex-4}
   (You took it off Josephina on level 1 of the Realm of Zot)

   [ring of ice]

   Ice:       It enhances your ice magic.
   Str+5:     It affects your strength (+5).
   Dex-4:     It affects your dexterity (-4).
   rF-:       It makes you vulnerable to fire.
   rC+:       It protects you from cold.
 W - the ring of Temptation {+Blink rC+ rCorr SInv}
   (You found it on level 1 of the Crypt)

   [ring of resist corrosion]

   rC+:       It protects you from cold.
   SInv:      It lets you see invisible.
   +Blink:    It lets you blink.
   rCorr:     It protects you from acid and corrosion.
 Y - the ring "Ronicere" {Fly rPois rF+ rC+ AC+4}
   (You took it off a seraph in Pandemonium)

   [ring of protection]

   AC+4:      It affects your AC (+4).
   rF+:       It protects you from fire.
   rC+:       It protects you from cold.
   rPois:     It protects you from poison.
   Fly:       It grants you flight.
Talismans
 b - a talisman of death (active)
Wands
 d - a wand of digging (55)
 D - a wand of mindburst (77)
 G - a wand of paralysis (99)
 K - a wand of roots (88)
 O - a wand of light (65)
Scrolls
 c - 13 scrolls of vulnerability
 j - 23 scrolls of teleportation
 k - 3 scrolls of fog
 l - 7 scrolls of blinking
 u - 10 scrolls of butterflies
 x - 5 scrolls of acquirement
 C - 5 scrolls of revelation
 V - 10 scrolls of fear
Potions
 e - 8 potions of mutation
 n - a potion of experience
 o - 8 potions of ambrosia
 p - 47 potions of curing
 s - 7 potions of cancellation
 t - 14 potions of resistance
 v - 15 potions of heal wounds
 w - 13 potions of attraction
 A - 9 potions of magic
 E - 21 potions of lignification
 H - 12 potions of haste
 I - 11 potions of enlightenment
 L - 16 potions of brilliance
 M - 5 potions of invisibility
 P - a potion of berserk rage
Miscellaneous
 g - a phial of floods (inert)
 i - a tin of tremorstones (2/2)
 y - a sack of spiders (inert)
 R - a lightning rod (inert)
 X - a phantom mirror (inert)


   Skills:
 + Level 23.5 Fighting
 * Level 11.9 Staves
 + Level 19.8 Armour
 - Level 20.0 Dodging
 - Level 7.0 Stealth
 - Level 20.0 Shields
 - Level 26.0 Spellcasting
 - Level 22.3 Conjurations
 - Level 5.0 Hexes
 - Level 4.0 Summonings
 - Level 10.0 Necromancy
 - Level 10.0 Translocations
 - Level 26.0 Ice Magic
 - Level 8.0 Air Magic
 - Level 24.0 Earth Magic
 - Level 7.0 Alchemy
 - Level 13.0 Invocations
 - Level 9.0 Evocations
 - Level 23.0 Shapeshifting


You had 2 spell levels left.
You knew the following spells:

 Your Spells              Type           Power      Damage    Failure   Level
a - Polar Vortex          Ice            74%        12d9*     3%          9
b - Lehudib's Crystal Sp  Conj/Erth      59%        10d14     1%          8
c - Iskenderun's Mystic   Conj/Tloc      100%       2d19      1%          4
d - Apportation           Tloc           100%       N/A       1%          1
e - Bombard               Conj/Erth      59%        9d10      0%          6
g - Permafrost Eruption   Ice/Erth       73%        2x4d20    0%          6
h - Irradiate             Conj/Alch      49%        3d28      1%          5
i - Ozocubu's Refrigerat  Ice            74%        4d23      1%          7
j - Yara's Violent Unrav  Hex/Alch       36%        3d15      3%          5
k - Ozocubu's Armour      Ice            100%       N/A       0%          3
l - Blink                 Tloc           100%       N/A       1%          2
m - Metabolic Englaciati  Hex/Ice        62%        N/A       1%          5
n - Dispersal             Tloc           43%        N/A       3%          6
o - Shatter               Erth           59%        3d44*     8%          9

Your spell library contained the following spells:

 Spells                   Type           Power      Damage    Failure   Level
 Foxfire                  Conj/Fire      100%       2x1d9     0%          1
 Freeze                   Ice            100%       1d10      0%          1
 Kiss of Death            Conj/Necr      100%       2d13      0%          1
 Magic Dart               Conj           100%       1d8       0%          1
 Sandblast                Erth           100%       2d20      0%          1
 Shock                    Conj/Air       100%       1d9       0%          1
 Sting                    Conj/Alch      100%       1d9       0%          1
 Ensorcelled Hibernation  Hex/Ice        100%       N/A       0%          2
 Momentum Strike          Conj/Tloc      100%       3d10      0%          2
 Searing Ray              Conj           100%       2d8       0%          2
 Static Discharge         Conj/Air       100%       3-8/arc   0%          2
 Necrotise                Necr           100%       1d9       1%          1
 Slow                     Hex            100%       N/A       1%          1
 Summon Small Mammal      Summ           100%       N/A       1%          1
 Call Imp                 Summ           100%       N/A       1%          2
 Cigotuvi's Dreadful Rot  Necr/Alch/Air  100%       N/A       1%          2
 Jinxbite                 Hex            100%       N/A       1%          2
 Lesser Beckoning         Tloc           100%       N/A       1%          2
 Mercury Vapours          Alch/Air       100%       N/A       1%          2
 Sublimation of Blood     Necr           86%        N/A       1%          2
 Scorch                   Fire           90%        2d8       2%          2
 Dazzling Flash           Conj/Hex       100%       N/A       0%          3
 Frozen Ramparts          Ice            100%       1d16      0%          3
 Hailstorm                Conj/Ice       100%       3d16      0%          3
 Passwall                 Erth           100%       N/A       0%          3
 Stone Arrow              Conj/Erth      100%       3d13      0%          3
 Summon Ice Beast         Ice/Summ       100%       N/A       0%          3
 Brom's Barrelling Bould  Conj/Erth      100%       2d11      0%          4
 Iskenderun's Battlesphe  Conj           100%       2d15      0%          5
 Lee's Rapid Deconstruct  Erth           59%        3d27*     0%          5
 Call Canine Familiar     Summ           65%        N/A       1%          3
 Confusing Touch          Hex            69%        N/A       1%          3
 Fugue of the Fallen      Necr           86%        N/A       1%          3
 Gell's Gravitas          Tloc           86%        N/A       1%          3
 Inner Flame              Hex/Fire       58%        N/A       1%          3
 Mephitic Cloud           Conj/Alch/Air  100%       N/A       1%          3
 Sigil of Binding         Hex            69%        N/A       1%          3
 Swiftness                Air            100%       N/A       1%          3
 Teleport Other           Tloc           86%        N/A       1%          3
 Tukima's Dance           Hex            69%        N/A       1%          3
 Vampiric Draining        Necr           86%        2d12      1%          3
 Volatile Blastmotes      Fire/Tloc      100%       2d18      1%          3
 Airstrike                Air            50%        2d(8-24)  1%          4
 Anguish                  Hex/Necr       39%        N/A       1%          4
 Animate Armour           Summ/Erth      100%       N/A       1%          4
 Animate Dead             Necr           86%        N/A       1%          4
 Cause Fear               Hex            34%        N/A       1%          4
 Dimensional Bullseye     Hex/Tloc       39%        N/A       1%          4
 Dispel Undead            Necr           86%        3d28      1%          4
 Flame Wave               Conj/Fire      89%        2d19      1%          4
 Fulminant Prism          Conj/Alch      49%        3d20      1%          4
 Leda's Liquefaction      Alch/Erth      50%        N/A       1%          4
 Manifold Assault         Tloc           86%        N/A       1%          4
 Martyr's Knell           Necr/Summ      76%        N/A       1%          4
 Olgreb's Toxic Radiance  Alch           76%        N/A       1%          4
 Passage of Golubria      Tloc           86%        N/A       1%          4
 Petrify                  Alch/Erth      100%       N/A       1%          4
 Summon Lightning Spire   Summ/Air       92%        N/A       1%          4
 Vhi's Electric Charge    Tloc/Air       100%       N/A       1%          4
 Arcjolt                  Conj/Air       61%        1d71      1%          5
 Borgnjor's Vile Clutch   Necr/Erth      52%        N/A       1%          5
 Curse of Agony           Necr           86%        N/A       1%          5
 Fireball                 Conj/Fire      44%        3d18      1%          5
 Freezing Cloud           Conj/Ice/Air   79%        6-21      1%          5
 Conjure Ball Lightning   Conj/Air       61%        3x3d22    1%          6
 Sculpt Simulacrum        Ice/Alch       63%        N/A       1%          6
 Orb of Destruction       Conj           58%        9d14      1%          7
 Alistair's Intoxication  Alch           50%        N/A       2%          5
 Silence                  Hex/Air        47%        N/A       2%          5
 Summon Forest            Summ/Tloc      38%        N/A       2%          5
 Starburst                Conj/Fire      44%        6d12      2%          6
 Ignite Poison            Fire/Alch      63%        N/A       3%          4
 Sticky Flame             Fire/Alch      63%        2d11      3%          4
 Death Channel            Necr           43%        N/A       3%          6
 Spellforged Servitor     Conj/Summ      47%        N/A       5%          7
 Summon Blazeheart Golem  Fire/Summ      56%        N/A       6%          4
 Summon Mana Viper        Hex/Summ       67%        N/A       6%          5
 Eringya's Noxious Bog    Alch           38%        4d6       13%         6
 Plasma Beam              Fire/Air       42%        2x1d56    41%         6
 Summon Cactus Giant      Summ           32%        N/A       41%         6
 Haunt                    Necr/Summ      38%        N/A       56%         7
 Malign Gateway           Summ/Tloc      38%        N/A       56%         7
 Enfeeble                 Hex            34%        N/A       85%         7
 Borgnjor's Revivificati  Necr           43%        N/A       85%         8
 Disjunction              Tloc           43%        N/A       85%         8
 Infestation              Necr           43%        N/A       85%         8
 Monstrous Menagerie      Summ           32%        N/A       94%         7
 Summon Hydra             Summ           32%        N/A       94%         7
 Chain Lightning          Conj/Air       61%        3d82      96%         9
 Maxwell's Capacitive Co  Air            50%        ∞         98%         8
 Discord                  Hex            34%        N/A       100%        8
 Ignition                 Fire           22%        3d8       100%        8
 Summon Horrible Things   Summ           32%        N/A       100%        8
 Death's Door             Necr           43%        N/A       100%        9
 Dragon's Call            Summ           32%        N/A       100%        9
 Fire Storm               Conj/Fire      44%        8d11      100%        9


Dungeon Overview and Level Annotations

Branches:
Dungeon (15/15)            Temple (1/1) D:6            Lair (5/5) D:10
 Shoals (4/4) Lair:3        Snake (4/4) Lair:3        Slime (5/5) Lair:4
    Orc (2/2) D:11            Elf (3/3) Orc:2        Vaults (5/5) D:14
  Crypt (3/3) Vaults:2       Tomb (0/3) Crypt:3      Depths (4/4) D:15
   Hell (visited)             Dis (7/7) Hell            Geh (7/7) Hell
    Coc (7/7) Hell            Tar (7/7) Hell            Zot (5/5) Depths:4
  Sewer (visited)          Bailey (visited)

Altars:
Ashenzari
Cheibriados
Dithmenos
Elyvilon
Fedhas
Gozag
Hepliaklqana
Kikubaaqudgha
Makhleb
Nemelex Xobeh
Okawaru
Qazlal
Ru
Sif Muna
Trog
Uskayaw
Vehumet
Wu Jian
Xom
Yredelemnul
Zin
The Shining One
Ignis
Jiyva

Shops:
D:7 (!   D:11 *   D:13 [   Orc:1 *   Orc:2 ?[:[=   Elf:1 *   Elf:3 (
Shoals:2 (   Snake:2 =:=   Vaults:2 [   Depths:1 (

Portals:
Hell: Depths:1 Depths:2 Depths:3 Depths:4
Abyss: Depths:2 Depths:3
Pandemonium: Depths:1 Depths:2 Depths:3 Depths:4
Ziggurat: Depths:1

Annotations:
D:5 exclusion: door
Crypt:1 3 runed translucent doors, Nick's ghost, adept SpDe
Crypt:2 Vv
Dis:7 exclusion: door
Coc:7 1 exclusion
Tar:3 1 runed translucent door
Tar:7 Ereshkigal


Innate Abilities, Weirdness & Mutations

You are an undying horror.
Your melee and unarmed attacks drain, slow and weaken victims.
You are immune to unholy pain and torment.
You cannot drink.
You are immune to poison.
You have a pair of small horns on your head.
Your flesh is cold resistant. (rC+)
You are robust. (+10% HP)
Your muscles are strong. (Str +4, Int/Dex -1)


Message History

The Tzitzimitl gestures at you.
You convulse!
* * * LOW HITPOINT WARNING * * *
Throw: 15 darts (disperse)
Press: ? - help, Shift-Dir - straight line, f/p - Ereshkigal
Aim: Ereshkigal (silenced, severely wounded, radiating silence, unaffected by silence, blind, unable to see you, waterlogged, 5% to hit)
You throw a dart of dispersal.
The dart of dispersal barely misses Ereshkigal.
Ereshkigal closely misses you. You block the Tzitzimitl's attack. x2
The Tzitzimitl gestures at you.
You convulse!
* * * LOW HITPOINT WARNING * * *
Magic scrolls do not work when you're silenced!
Unknown command.
Aiming: Bolt of Light
Press: ? - help, Shift-Dir - straight line, f/p - Ereshkigal
Aim: Ereshkigal (silenced, severely wounded, radiating silence, unaffected by silence, blind, unable to see you, waterlogged, 23% to hit)
The bolt of light misses Ereshkigal.
Ereshkigal is no longer blind.
Ereshkigal gestures.
Ereshkigal's surroundings become eerily quiet.
You block Ereshkigal's attack.
You riposte.
You completely miss Ereshkigal. Your headbutt misses Ereshkigal.
Ereshkigal is severely wounded.
You block the Tzitzimitl's attack. x2; You riposte.
You hit the Tzitzimitl but do no damage.
The Tzitzimitl is electrocuted.
Your headbutt misses the Tzitzimitl.
The Tzitzimitl is lightly wounded.
You block the Tzitzimitl's attack.
The Tzitzimitl bites you but does no damage.
You cannot cast spells when silenced!
Magic scrolls do not work when you're silenced!
Aiming: Bolt of Light
Press: ? - help, Shift-Dir - straight line, f/p - Ereshkigal
Aim: Ereshkigal (silenced, severely wounded, radiating silence, unaffected by silence, waterlogged, 23% to hit)
The bolt of light hits Ereshkigal!!
Ereshkigal is almost dead.
Ereshkigal is blinded.
Ereshkigal hits you!
You die...

,,,,,,,,,,.##*......'...'...'.)..
,,,,,,,,,....###....(...#...'....
,,,,,,,,,......###''#'÷###..#....
,,*****,,...........'...##""#####
,**,,,*#............(....#### #
,*,***,#.....~...~..###...## #
,*,***,#......~~~~....##...## #
,*,,,,,#.....##&~(.....##...# #
,*,,,,,#....#*##z1......##..# #
,**..,##....####~1.......#..# #
,,*...#......##W.........#..#####
,,*...#..................#..#....
,,,......................#..'....
,,,........^.............#..'....
,,,,............(........#..#....
,**,,.##.....######......#..#####
,*,,,,,#...###,,,,*#.....#..# #


You could see Ereshkigal (silencing, unsilenced, blind, unable to see you,
waterlogged), 2 Tzitzimimeh and a shadow wraith (invisible).

Vanquished Creatures
  Cerebov (Pan)
  Antaeus (Coc:7)
  Asmodeus (Geh:7)
  the Royal Jelly (Slime:5)
  Mnoleg (Pan)
  Gloorx Vloq (Pan)
  Lom Lobon (Pan)
  A seraph (Pan)
  6 dread liches
  the Serpent of Hell (Dis:7)
  Dispater (Dis:7)
  6 ancient liches
  5 orbs of fire
  3 juggernauts (Dis:7)
  Mennas (Pan)
  Josephina (Zot:1)
  3 Killer Klowns
  Boris (twice) (Vaults:1 Depths:3)
  The ghost of howech the Severer, a veteran MiGl of the Shining One (Vaults:4)
  15 caustic shrikes
  Geryon (Hell)
  6 curse toes
  7 shard shrikes
  Margery (Crypt:2)
  5 profane servitors
  Jory (Crypt:3)
  7 golden dragons
  Nikola (Vaults:1)
  2 pearl dragons (Pan)
  23 bone dragons
  Norris (Elf:2)
  20 Brimstone Fiends
  26 Tzitzimimeh
  22 doom hounds
  9 iron giants
  2 electric golems (Zot:5)
  Jorgrun (D:14)
  8 hellephants
  28 Ice Fiends
  2 spectral shard shrikes (Geh:3)
  33 Hell Sentinels
  14 tentacled monstrosities
  A walking crystal tome (Depths:4)
  10 pandemonium lords (Pan)
  3 liches
  Mlioglotl (Shoals:1)
  4 deep elf blademasters
  15 tainted leviathans
  25 Orb Guardians (Zot:5)
  18 searing wretches
  15 acid blobs
  9 quicksilver dragons
  17 titans
  Grunn (Crypt:1)
  7 sphinxes
  A deep elf master archer (Elf:3)
  Gastronok (D:11)
  27 ancient champions
  Polyphemus (Shoals:2)
  10 death cobs
  Agnes (D:14)
  Aizul (Shoals:1)
  40 Executioners (Pan)
  Kirke (Elf:1)
  14 shadow dragons
  3 krakens
  A revenant (Crypt:3)
  11 storm dragons
  6 tengu reavers
  6 nagarajas
  29 azure jellies
  17 demonspawn warmongers (Pan)
  37 narguns
  Donald (Vaults:2)
  3 draconian monks
  11 rockslimes
  18 daevas (Pan)
  26 fire giants
  17 vault wardens
  Roxanne (Shoals:2)
  6 draconian knights
  18 frost giants
  12 protean progenitors
  4 draconian shifters
  5 quicksilver elementals
  Louise (Shoals:1)
  3 spectral caustic shrikes
  9 deep elf elementalists (Elf:3)
  14 iron dragons
  5 deep elf sorcerers
  2 ghouls
  A spectral juggernaut (Tar:6)
  30 angels (Pan)
  8 draconian stormcallers
  6 ghost moths
  5 draconian scorchers
  18 demonspawn corrupters (Pan)
  64 balrugs
  3 caustic shrike skeletons (Pan)
  30 cacodemons (Pan)
  5 curse skulls
  8 shard shrike simulacra
  3 orc warlords (Vaults:4)
  10 quicksilver oozes
  44 reapers
  14 demonspawn blood saints (Pan)
  13 formless jellyfish
  21 ironbound preservers
  5 ironbound thunderhulks
  10 juggernaut skeletons (Pan)
  6 draconian annihilators
  10 deep elf death magi
  23 very ugly things
  12 stone giants
  14 vampire knights
  18 ophanim (Pan)
  28 elemental wellsprings
  3 spectral titans
  5 purple draconians
  6 deep elf demonologists
  39 apis (Pan)
  8 white draconians
  10 yellow draconians
  13 demonspawn black suns (Pan)
  10 green draconians
  10 putrid mouths
  Azrael (Elf:1)
  9 black draconians
  9 deep elf annihilators
  25 lorocyprocas
  18 red draconians
  5 dire elephants (Vaults:3)
  A minotaur (Vaults:4)
  24 wendigos
  11 spark wasps
  40 war gargoyles
  18 blizzard demons
  18 eidola
  22 iron golems
  8 merfolk impalers
  11 ettins
  17 green deaths (Pan)
  15 fire dragons
  A merfolk javelineer (Vaults:4)
  A spectral quicksilver dragon (Tar:6)
  18 jiangshi
  A spectral golden dragon (Tar:2)
  16 yaktaur captains
  2 entropy weavers (Vaults:1)
  8 caustic shrike simulacra
  7 ice dragons
  10 deep elf high priests
  7 great orbs of eyes
  A spriggan zombie (Depths:2)
  19 salamander tyrants
  3 spectral spriggans
  3 peacekeepers
  9 ironbound frosthearts
  28 vault guards
  19 centaur warriors
  2 juggernaut simulacra
  5 ogre magi
  4 catoblepae
  3 merfolk avatars
  3 spriggan air magi
  6 hell beasts
  2 alligator snapping turtles
  10 rakshasas
  5 hydras
  13 anacondas
  25 dancing weapons
  2 death knights (Crypt:3)
  11 stokers
  4 tengu warriors
  12 deep troll earth magi
  10 merfolk aquamancers
  5 two-headed ogres
  6 deep troll shamans
  7 boulder beetles
  4 orc high priests (Orc:2)
  5 vampire magi
  8 death yaks
  28 demonic crawlers (Pan)
  15 hell hogs
  An occultist (Depths:3)
  4 spriggan berserkers (Depths:4)
  12 naga sharpshooters
  21 naga warriors
  16 hell knights
  15 deep elf knights
  59 soul eaters
  13 shock serpents
  A spectral dire elephant (Tar:1)
  Nergalle (D:12)
  5 skysharks
  137 sun demons
  10 crystal echidnas
  8 hellephant skeletons (Pan)
  4 goliath frogs
  21 shadow wraiths
  A storm dragon skeleton (Vaults:4)
  9 iron trolls
  13 flayed ghosts
  37 sixfirhies (Pan)
  A golden dragon zombie (Crypt:3)
  3 salamander mystics
  7 mana vipers
  23 skeletal warriors
  An anaconda zombie (Crypt:2)
  56 deep trolls
  8 phantasmal warriors
  2 spectral anacondas
  14 sea snakes
  2 quicksilver dragon simulacra
  13 sun moths (Pan)
  16 cherubim (Pan)
  8 deep elf archers
  The ghost of paps the Cudgeller, a novice TrFi (D:5)
  9 arcanists
  40 shadow demons
  54 large abominations (Pan)
  5 glowing orange brains
  4 orc knights
  6 naga ritualists
  A fenstrider witch simulacrum (Hell)
  5 spriggan simulacra
  19 ironbound convokers
  4 bog bodies (Crypt:3)
  2 thermic dynamos
  17 harpies
  27 deep elf pyromancers
  2 spectral ettins
  9 necromancers
  An obsidian bat (Orc:1)
  3 orc sorcerers
  2 harpies (shapeshifter)
  6 cyclopes
  18 manticores
  10 lindwurms
  3 shining eyes
  3 fauns
  19 deep elf zephyrmancers
  32 ugly things
  2 frost giant zombies
  A steelbarb worm (shapeshifter) (Depths:3)
  16 salamanders
  A glowing shapeshifter (Vaults:5)
  17 moths of wrath
  3 elephants (Lair:3)
  2 meliai (shapeshifter)
  7 merfolk sirens
  3 kobold blastminers
  A dire elephant zombie (Crypt:3)
  11 rust devils
  A fire giant skeleton (Crypt:2)
  4 ice statues (Coc:7)
  2 guardian serpents
  19 vault sentinels
  69 smoke demons
  9 water nymphs
  2 eyes of devastation
  14 molten gargoyles
  25 naga magi
  24 black mambas
  3 cane toads
  32 orange demons (Pan)
  5 titan simulacra
  5 kobold demonologists (D:11)
  A storm dragon simulacrum (Hell)
  6 unseen horrors
  A mana viper skeleton (Crypt:2)
  10 efreet
  8 komodo dragons
  5 rime drakes
  11 freezing wraiths
  38 hellions
  5 tengu conjurers
  61 tormentors
  13 yaktaurs
  A yaktaur skeleton (Vaults:4)
  9 anaconda simulacra
  A minotaur skeleton (Crypt:1)
  2 great orb of eyes zombies
  6 red devils
  3 ice devils (Pan)
  3 iron giant simulacra (Coc:3)
  A silent spectre (Tar:2)
  2 spectral harpies
  2 golden dragon simulacra
  3 shadow dragon simulacra
  29 merfolk
  24 hellwings (Pan)
  A tengu simulacrum (Vaults:1)
  2 dream sheep (Lair:3)
  4 trolls
  28 blink frogs
  2 hornets
  A harpy skeleton (Crypt:1)
  15 wind drakes
  A guardian serpent zombie (Crypt:2)
  2 snapping turtles
  3 stone giant simulacra
  3 iron dragon simulacra
  4 glass eyes
  A spectral black mamba (Tar:1)
  A dream sheep (shapeshifter) (Vaults:5)
  3 centaur simulacra
  8 shadows
  97 slime creatures
  46 water elementals
  A spriggan (Depths:4)
  5 air elementals
  6 naga simulacra
  3 dire elephant simulacra
  10 wraiths
  83 ynoxinuls
  A vampire (D:11)
  6 wyverns
  24 fire elementals
  A steam dragon (D:6)
  42 yaks
  6 basilisks
  A black mamba zombie (Crypt:1)
  2 hogs (Elf:1)
  5 wargs (Orc:1)
  31 golden eyes
  2 alligator snapping turtle simulacra
  12 vampire mosquitoes
  21 neqoxecs (Pan)
  48 chaos spawn (Pan)
  24 harpy simulacra
  64 nagas
  6 acid dragons
  2 hell hounds (Elf:1)
  15 water moccasins
  3 hydra simulacra
  A swamp drake (shapeshifter) (D:15)
  Duvessa (D:5)
  32 orc warriors
  2 sky beasts
  A hornet zombie (Crypt:1)
  An ice beast (D:6)
  A black bear (D:5)
  A glowing shapeshifter skeleton (Vaults:1)
  31 laughing skulls
  4 ettin simulacra
  An ice dragon simulacrum (Coc:1)
  4 small abominations (Crypt:3)
  6 ogres
  3 human skeletons
  15 wolves
  14 boggarts
  16 centaurs
  An elf simulacrum (Vaults:4)
  A manticore skeleton (Crypt:1)
  A rime drake zombie (Crypt:1)
  A human zombie (Vaults:4)
  9 kobold brigands
  3 earth elementals
  10 bullfrogs
  A weeping skull (Crypt:3)
  5 scorpions
  2 gnoll sergeants
  4 wights
  Dowan (D:5)
  4 burial acolytes (Crypt:3)
  A human simulacrum (Vaults:4)
  4 killer bees (D:9)
  A polar bear skeleton (Crypt:1)
  A troll skeleton (Crypt:1)
  A howler monkey (D:8)
  6 hounds
  2 jellies
  21 orc priests
  A gnoll bouda (D:6)
  Jessica (D:2)
  A sleepcap (D:6)
  Natasha (thrice) (D:4)
  3 iguanas
  14 orc wizards
  A hell rat (Hell)
  A boggart simulacrum (D:15)
  13 gnolls
  2 river rats (Sewer)
  8 adders
  2 shadow imps
  A white imp (D:8)
  A dart slug (D:1)
  4 ribbon worms
  81 orcs
  7 bats
  A bat zombie (Crypt:1)
  6 endoplasms
  A giant cockroach (D:2)
  5 goblins
  7 hobgoblins
  10 jackals
  2 quokkas
  A river rat zombie (Crypt:2)
  10 ball pythons
  A frilled lizard (D:3)
  A gnoll skeleton (Crypt:2)
  36 kobolds
  9 rats
  3 aspiring fleshes (Pan)
  4 creeping infernos
  19 fire vortices
  A fulminant prism (Shoals:2)
  A starspawn tentacle (Shoals:1)
  7 tentacles
4371 creatures vanquished.

Vanquished Creatures (collateral kills)
  An orc warlord (Orc:1)
  2 reapers (Pan)
  A catoblepas (Lair:5)
  A boulder beetle (D:11)
  3 anacondas (Snake:2)
  A two-headed ogre (D:11)
  5 death yaks
  A naga warrior (Snake:2)
  A naga sharpshooter (Snake:1)
  An orc high priest (Orc:2)
  A deep troll (Vaults:3)
  A naga ritualist (Snake:2)
  A mana viper (Snake:2)
  4 orc knights (Orc:2)
  A cyclops (D:11)
  A spectral ettin (Tar:2)
  A manticore (Lair:5)
  3 ugly things
  2 elephants (Lair:3)
  3 black mambas
  8 cane toads
  A torpor snail (Lair:3)
  A storm dragon simulacrum (Zot:1)
  6 komodo dragons
  A rime drake (Lair:2)
  2 trolls
  2 dream sheep (Lair:3)
  12 blink frogs
  4 polar bears
  A glass eye (Lair:4)
  A draconian simulacrum (Zot:1)
  2 slime creatures
  A shadow (D:10)
  A basilisk (Lair:4)
  2 wyverns
  20 yaks
  4 nagas
  4 water moccasins
  A moth of wrath simulacrum (Zot:1)
  15 orc warriors
  A swamp drake (D:11)
  8 wolves
  An ogre (D:11)
  3 kobold brigands
  A gnoll sergeant (D:12)
  3 bullfrogs (Lair:2)
  A killer bee (D:10)
  A howler monkey (D:9)
  6 orc priests (Orc:2)
  6 orc wizards
  2 gnolls (D:12)
  25 orcs
  2 kobolds (D:11)
184 creatures vanquished.

Vanquished Creatures (others)
  A searing wretch (Geh:6)
  A titan (Coc:5)
  An eldritch tentacle (Pan)
  An azure jelly (Coc:7)
  A frost giant (Coc:6)
  4 shard shrike simulacra
  A draconian stormcaller (Zot:2)
  A juggernaut simulacrum (Coc:7)
  A stoker (Geh:3)
  A dancing weapon (Pan)
  A two-headed ogre (D:9)
  A deep elf knight (Elf:3)
  A skeletal warrior (Crypt:3)
  A sixfirhy (Pan)
  A quicksilver dragon simulacrum (Coc:7)
  A spriggan simulacrum (Coc:2)
  A titan simulacrum (Coc:5)
  A smoke demon (Pan)
  2 anaconda simulacra
  A bunyip simulacrum (Coc:2)
  A troll (D:9)
  2 humans (Elf:1)
  2 yaks (D:9)
  2 dire elephant simulacra
  4 harpy simulacra
  An orc warrior (D:9)
  A centaur (D:9)
  2 kobold brigands (D:9)
  A naga simulacrum (Coc:1)
  An orc wizard (D:9)
  A creeping inferno (Geh:3)
  2 fire vortices (Pan)
  16 fulminant prisms
  3 starspawn tentacles (Shoals:1)
  9 tentacles
72 creatures vanquished.

Grand Total: 4627 creatures vanquished

Notes
Turn   | Place    | Note
-------+----------+-------------------------------------------
     0 | D:1      | Godo the Deep Elf Conjurer began the quest for the Orb.
     0 | D:1      | Reached XP level 1. HP: 10/10 MP: 6/6
   483 | D:1      | Reached XP level 2. HP: 15/15 MP: 8/8
   702 | D:2      | Learned a level 2 spell: Searing Ray
  1072 | D:2      | Noticed Jessica
  1079 | D:2      | Killed Jessica
  1080 | D:2      | Reached XP level 3. HP: 18/19 MP: 7/10
  1634 | D:2      | Reached XP level 4. HP: 24/24 MP: 11/11
  1639 | D:2      | Learned a level 4 spell: Iskenderun's Mystic Blast
  2007 | D:3      | Identified the +1 scale mail "Vyess" {*Corrode Regen+
                  | Dex+6}
  2023 | D:3      | Reached skill level 5 in Conjurations
  2031 | D:3      | Reached skill level 5 in Stealth
  2373 | D:3      | Reached XP level 5. HP: 27/28 MP: 14/14
  2556 | D:3      | Reached skill level 1 in Translocations
  2847 | D:4      | Noticed an ogre
  2847 | D:4      | Found the +6 shillelagh "Devastator" {shatter}
  2855 | D:4      | Noticed an ogre
  2856 | D:4      | Killed an ogre
  2857 | D:4      | Reached skill level 5 in Spellcasting
  2857 | D:4      | Reached XP level 6. HP: 32/32 MP: 15/15
  3295 | D:4      | Reached XP level 7. HP: 36/36 MP: 16/16
  3352 | D:4      | Learned a level 4 spell: Fulminant Prism
  3378 | D:4      | Noticed Natasha
  3383 | D:4      | Killed Natasha
  3612 | D:4      | Noticed Natasha
  3615 | D:4      | Killed Natasha
  3616 | D:4      | Reached skill level 5 in Translocations
  3774 | D:4      | Noticed Natasha
  3779 | D:4      | Killed Natasha
  3937 | D:5      | Entered Level 5 of the Dungeon
  4046 | D:5      | Found a runed translucent door.
  4046 | D:5      | Noticed paps's ghost (novice TrFi)
  4165 | D:5      | Reached skill level 1 in Alchemy
  4306 | D:5      | Noticed Duvessa
  4820 | D:5      | Reached XP level 8. HP: 41/41 MP: 17/17
  5268 | D:5      | Noticed Dowan
  5344 | D:6      | Reached skill level 5 in Alchemy
  5662 | D:6      | Found a glowing drain.
  5674 | Sewer    | Entered a sewer
  5998 | Sewer    | Found a glowing silver altar of Zin.
  6196 | D:6      | Learned a level 4 spell: Airstrike
  6262 | D:6      | Reached skill level 1 in Air Magic
  6473 | D:6      | Found a staircase to the Ecumenical Temple.
  6553 | Temple   | Entered the Ecumenical Temple
  6631 | D:6      | Reached XP level 9. HP: 45/45 MP: 21/21
  6788 | D:6      | Reached skill level 5 in Dodging
  6996 | D:6      | Found a glowing golden altar of the Shining One.
  7069 | D:6      | Found a snail-covered altar of Cheibriados.
  7162 | D:6      | Found a shadowy altar of Dithmenos.
  7260 | D:7      | Found Kauqus's Antique Weapon Boutique.
  7260 | D:7      | Found Unumo's Distillery.
  7274 | D:7      | Found Waohoh's Distillery.
  7277 | D:7      | Found Zowylat's Antique Weapon Boutique.
  7330 | D:7      | Bought a potion of lignification for 30 gold pieces
  7330 | D:7      | Bought a potion of invisibility for 80 gold pieces
  7330 | D:7      | Bought a potion of heal wounds for 50 gold pieces
  7555 | D:7      | Reached skill level 5 in Air Magic
  7564 | D:7      | Learned a level 4 spell: Summon Lightning Spire
  7684 | D:7      | Noticed a manticore
  7693 | D:7      | Killed an unseen horror
  7693 | D:7      | Killed a manticore
  7760 | D:7      | Found a flagged portal.
  7767 | Bailey   | Entered a bailey
  8565 | Bailey   | Reached XP level 10. HP: 47/50 MP: 11/24
  8819 | Bailey   | Reached skill level 1 in Invocations
  8842 | Bailey   | Reached skill level 1 in Fighting
 10047 | D:7      | Found a shimmering blue altar of Sif Muna.
 10115 | D:7      | Became a worshipper of Sif Muna the Loreminder
 10279 | D:8      | Noticed a two-headed ogre
 10285 | D:8      | Killed a two-headed ogre
 10860 | D:8      | Reached skill level 5 in Invocations
 11459 | D:9      | Reached * piety under Sif Muna
 11460 | D:9      | Killed a two-headed ogre
 11497 | D:9      | Reached XP level 11. HP: 62/62 MP: 19/26
 11781 | D:9      | Reached skill level 5 in Fighting
 11851 | D:9      | Found a shimmering altar of Xom.
 12574 | D:9      | Found a blossoming altar of Fedhas.
 12574 | D:9      | Found a burning altar of Makhleb.
 12636 | D:10     | Entered Level 10 of the Dungeon
 12855 | D:10     | Found an ancient bone altar of Kikubaaqudgha.
 12871 | D:10     | Reached skill level 1 in Evocations
 12935 | D:10     | Reached ** piety under Sif Muna
 13017 | D:10     | Noticed a two-headed ogre
 13029 | D:10     | Killed a two-headed ogre
 13199 | D:10     | Found a staircase to the Lair.
 13746 | D:10     | Reached skill level 10 in Spellcasting
 14139 | D:10     | Noticed a two-headed ogre
 14145 | D:10     | Killed a two-headed ogre
 14342 | D:10     | Found an iron altar of Okawaru.
 14455 | D:11     | Reached skill level 5 in Evocations
 14498 | D:11     | Noticed Gastronok
 15164 | D:11     | Reached skill level 1 in Ice Magic
 15164 | D:11     | Reached skill level 1 in Earth Magic
 15164 | D:11     | Reached XP level 12. HP: 62/68 MP: 1/30
 15322 | D:11     | Reached *** piety under Sif Muna
 15376 | D:11     | Noticed a two-headed ogre
 15383 | D:11     | Killed a two-headed ogre
 15605 | D:11     | Noticed a centaur warrior
 15609 | D:11     | Killed a centaur warrior
 15883 | D:11     | Noticed a tengu warrior
 15895 | D:11     | Killed a tengu warrior
 15993 | D:11     | Noticed a centaur warrior
 16004 | D:11     | Killed a centaur warrior
 16551 | D:11     | Identified the +3 quarterstaff of Plague {flame, ^Fragile
                  | rN+ Will+ Stlth+}
 16655 | D:11     | Killed Gastronok
 16656 | D:11     | Reached skill level 5 in Ice Magic
 16656 | D:11     | Reached skill level 5 in Earth Magic
 16870 | D:11     | Noticed a fire dragon
 16893 | D:11     | Killed a fire dragon
 17192 | D:11     | Reached **** piety under Sif Muna
 17227 | D:11     | Found a staircase to the Orcish Mines.
 17337 | D:11     | Noticed a two-headed ogre
 17351 | D:11     | Killed a two-headed ogre
 17616 | D:11     | Found Poiw's Assorted Antiques.
 17624 | D:11     | Bought a scroll labelled YMNIAF REAHI for 32 gold pieces
 17920 | Lair:1   | Entered Level 1 of the Lair of Beasts
 18326 | Lair:1   | Reached XP level 13. HP: 72/72 MP: 31/31
 20662 | Lair:2   | Reached ***** piety under Sif Muna
 21010 | Lair:3   | Reached skill level 10 in Ice Magic
 22341 | Lair:3   | Found a staircase to the Shoals.
 22508 | Lair:3   | Received a gift from Sif Muna
 22509 | Lair:3   | Got Sif Muna's Elucidation of the Cwm and the Gang {god
                  | gift}
 22676 | Lair:3   | Found a staircase to the Snake Pit.
 22750 | Lair:4   | Reached XP level 14. HP: 78/78 MP: 33/33
 24592 | Lair:4   | Found a staircase to the Slime Pits.
 24593 | Lair:4   | Found a viscous altar of Jiyva.
 25297 | Lair:5   | Entered Level 5 of the Lair of Beasts
 28327 | Orc:1    | Entered Level 1 of the Orcish Mines
 28580 | Orc:2    | Entered Level 2 of the Orcish Mines
 28580 | Orc:2    | Noticed an orc warlord
 28590 | Orc:2    | Reached skill level 1 in Shields
 28590 | Orc:2    | Reached XP level 15. HP: 66/84 MP: 24/35
 28973 | Orc:2    | Received a gift from Sif Muna
 28981 | Orc:2    | Learned a level 5 spell: Freezing Cloud
 28995 | Orc:2    | Found Gaung's Jewellery Shop.
 29663 | Orc:2    | Found a staircase to the Elven Halls.
 30094 | Orc:2    | Reached skill level 10 in Dodging
 30373 | Orc:2    | Reached skill level 15 in Ice Magic
 31051 | Orc:2    | Found Ceadiroc's Antique Armour Shop.
 31051 | Orc:2    | Found Isouc's Book Shop.
 31052 | Orc:2    | Found Duloah's Antique Armour Boutique.
 31052 | Orc:2    | Found Saplabb's Magic Scroll Shop.
 31060 | Orc:2    | Bought an embroidered cloak for 210 gold pieces
 31072 | Orc:2    | Bought a scroll of enchant armour for 75 gold pieces
 31072 | Orc:2    | Bought a scroll of butterflies for 40 gold pieces
 31072 | Orc:2    | Bought a scroll of noise for 10 gold pieces
 31072 | Orc:2    | Bought a scroll of fear for 40 gold pieces
 31281 | Orc:1    | Paralysed by an orc sorcerer for 3 turns
 31285 | Orc:1    | Received a gift from Sif Muna
 31355 | Orc:1    | Found Plog's Assorted Antiques.
 32114 | Orc:2    | Bought a book of Transmutation for 504 gold pieces
 32120 | Orc:2    | Bought a glowing kite shield for 262 gold pieces
 32164 | Orc:2    | Learned a level 5 spell: Irradiate
 32602 | D:12     | Noticed Nergalle
 32609 | D:12     | Killed Nergalle
 34190 | D:13     | Got Poroef's Elucidation of the Hiemal Alembic
 34199 | D:13     | Learned a level 7 spell: Ozocubu's Refrigeration
 34222 | D:13     | Found Viremul's Armour Emporium.
 34413 | D:13     | Reached skill level 5 in Shields
 34564 | D:13     | Received a gift from Sif Muna
 34565 | D:13     | Got Nustiqa's Almanac of Conjuration {god gift}
 34577 | D:13     | Learned a level 6 spell: Bombard
 35629 | D:14     | Noticed Jorgrun
 35687 | D:14     | Killed Jorgrun
 35861 | D:14     | Noticed Agnes
 35868 | D:14     | Killed Agnes
 36731 | D:14     | Found a bloodstained altar of Trog.
 36812 | D:14     | Identified the +3 war axe of Red Wine {freeze, rF+ rC+}
 36937 | D:14     | Found a gate to the Vaults.
 36937 | D:14     | Noticed a tengu reaver
 36940 | D:14     | Killed a tengu reaver
 37271 | D:15     | Entered Level 15 of the Dungeon
 37949 | D:15     | Reached XP level 16. HP: 93/93 MP: 21/36
 38495 | D:15     | Found a staircase to the Depths.
 38801 | Shoals:1 | Entered Level 1 of the Shoals
 39670 | Shoals:1 | Reached skill level 10 in Earth Magic
 40152 | Shoals:1 | Noticed Mlioglotl
 40169 | Shoals:1 | Noticed a tentacled starspawn
 40169 | Shoals:1 | Noticed a tentacled starspawn
 40360 | Snake:1  | Entered Level 1 of the Snake Pit
 41352 | Snake:1  | Reached skill level 10 in Conjurations
 41930 | Snake:1  | Received a gift from Sif Muna
 41931 | Snake:1  | Got Sif Muna's Tractate on Outbursts {god gift}
 43205 | Snake:2  | Found Egaukug's Jewellery Boutique.
 43208 | Snake:2  | Found Qedusosy's Book Emporium.
 43209 | Snake:2  | Found Hyt Xeak's Jewellery Boutique.
 43215 | Snake:2  | Bought an amulet of faith for 720 gold pieces
 45272 | Snake:3  | Received a gift from Sif Muna
 45273 | Snake:3  | Got Sif Muna's Spellbook of Battle Magic {god gift}
 45509 | Snake:3  | Reached skill level 15 in Spellcasting
 45775 | Snake:2  | Bought a book of Battle for 494 gold pieces
 45779 | Snake:2  | Learned a level 3 spell: Ozocubu's Armour
 45826 | Snake:3  | Reached XP level 17. HP: 101/101 MP: 33/38
 46103 | Snake:3  | Reached skill level 10 in Fighting
 46688 | Snake:4  | Entered Level 4 of the Snake Pit
 48091 | Snake:2  | Bought a book of the Earth for 684 gold pieces
 48099 | Snake:2  | Learned a level 6 spell: Permafrost Eruption
 49164 | Snake:4  | Got a serpentine rune of Zot
 49918 | Shoals:1 | Killed Mlioglotl
 50128 | Shoals:1 | Identified the serpent talisman of Liyzo {rC+ rN+ Will-
                  | Dex+2}
 50128 | Shoals:1 | Noticed Aizul
 50134 | Shoals:1 | Killed Aizul
 50174 | Shoals:1 | Noticed Louise
 50186 | Shoals:1 | Killed Louise
 50750 | Shoals:2 | Noticed Roxanne
 50878 | Shoals:2 | Reached XP level 18. HP: 107/107 MP: 33/40
 51585 | Shoals:2 | Found Daclas's Weapon Shop.
 51601 | Shoals:2 | Noticed Polyphemus
 52058 | Shoals:2 | Killed Roxanne
 52213 | Shoals:2 | Killed Polyphemus
 52624 | Shoals:3 | Received a gift from Sif Muna
 52625 | Shoals:3 | Reached skill level 10 in Shields
 53370 | Shoals:3 | Identified the +3 animal skin of Loss {Int+3}
 53413 | Shoals:4 | Entered Level 4 of the Shoals
 53635 | Shoals:4 | Paralysed by an air elemental for 1 turns
 54023 | Shoals:4 | Found a stormy altar of Qazlal.
 54035 | Shoals:4 | Received a gift from Sif Muna
 54037 | Shoals:4 | Got Sif Muna's Volume of Frosty Xanthosis {god gift}
 54232 | Shoals:4 | Identified the +3 leather armour "Ufuifu" {rPois}
 54295 | Shoals:4 | Found a stormy altar of Qazlal.
 54433 | Shoals:4 | Identified the +0 chain mail of Entitlement {rPois}
 54627 | Shoals:4 | Got a barnacled rune of Zot
 54945 | D:13     | Bought a +0 pair of boots for 58 gold pieces
 55017 | Vaults:1 | Entered Level 1 of the Vaults
 55172 | Elf:1    | Entered Level 1 of the Elven Halls
 55351 | Elf:1    | Learned a level 2 spell: Blink
 55538 | Elf:1    | Noticed Kirke
 55542 | Elf:1    | Killed Kirke
 55650 | Elf:1    | Reached skill level 1 in Armour
 55885 | Elf:1    | Noticed Azrael
 55888 | Elf:1    | Killed Azrael
 56140 | Elf:1    | Found Zuihiph's Assorted Antiques.
 56602 | Elf:2    | Reached XP level 19. HP: 112/112 MP: 25/42
 56981 | Elf:2    | Found a runed translucent gate.
 56981 | Elf:2    | Found a runed translucent gate.
 56981 | Elf:2    | Found a runed translucent gate.
 57113 | Elf:2    | Noticed Norris
 57119 | Elf:2    | Killed Norris
 57914 | Elf:2    | Received a gift from Sif Muna
 58219 | Elf:3    | Entered Level 3 of the Elven Halls
 58792 | Elf:3    | Found Cajatol's Weapon Shop.
 59359 | Elf:3    | Reached skill level 5 in Armour
 59421 | Elf:3    | Identified the ring "Husiergho" {Str+6 Int+2}
 59575 | Elf:3    | Identified the +3 falchion "Rihiod" {flame, rPois rF+++
                  | Will- Str+3}
 59738 | Elf:3    | Identified the +3 trident "Rebbesaw" {vamp, Int+4 Dex-3}
 59815 | Elf:3    | Identified the ring "Casa" {Fly Stlth+}
 59974 | Elf:3    | Identified the staff of Inivysk {rC- rCorr Str+5 Dex+2
                  | Conj}
 60023 | Elf:3    | Identified the +7 morningstar "Fircheq" {freeze, rElec rF-
                  | rC+ rCorr}
 60042 | Elf:3    | Identified the +1 ring mail of the Iron City of Dis {rN+}
 60046 | Elf:3    | Identified the +1 helmet of the Pirate {rElec rC+ Int-5}
 60577 | Vaults:1 | Reached XP level 20. HP: 117/117 MP: 29/43
 61046 | Vaults:1 | Identified the +3 robe of Theory {Fly rC- Str+6 Dex+2}
 61046 | Vaults:1 | Noticed Boris
 61266 | Vaults:1 | Killed Boris
 61266 | Vaults:1 | Received a gift from Sif Muna
 61268 | Vaults:1 | Got Sif Muna's Parchment of the Unholy Crevasse {god gift}
 62023 | Vaults:1 | Noticed Nikola
 62029 | Vaults:1 | Killed Nikola
 62258 | Vaults:1 | Learned a level 5 spell: Metabolic Englaciation
 62756 | Vaults:2 | Noticed Donald
 62761 | Vaults:2 | Killed Donald
 63644 | Vaults:2 | Found a staircase to the Crypt.
 63644 | Vaults:2 | Found an ancient bone altar of Kikubaaqudgha.
 63644 | Vaults:2 | Found a basalt altar of Yredelemnul.
 63909 | Vaults:2 | Found Maschoqi's Armour Shop.
 64599 | Vaults:3 | Reached XP level 21. HP: 122/122 MP: 23/44
 64902 | Vaults:3 | Identified the +2 robe of Pegok Pu Ler {rF- rC- rCorr
                  | Dex+7}
 65470 | Vaults:3 | Reached skill level 15 in Shields
 65884 | Vaults:4 | Received a gift from Sif Muna
 66412 | Vaults:4 | Got Sif Muna's Meditations on the Fjord and the Tempest
                  | {god gift}
 67056 | Vaults:4 | Found a runed translucent gate.
 67056 | Vaults:4 | Found a runed translucent gate.
 67057 | Vaults:4 | Found a runed translucent gate.
 67069 | Vaults:4 | Noticed howech's ghost (veteran MiGl)
 67177 | Vaults:4 | Identified the dragon-blood talisman of Peott {Str+2 Int+3}
 67605 | Vaults:4 | Found an iron altar of Okawaru.
 67624 | Vaults:4 | Learned a level 9 spell: Polar Vortex
 67876 | Vaults:4 | Killed howech's ghost
 68572 | Slime:1  | Entered Level 1 of the Pits of Slime
 69455 | Slime:3  | Reached skill level 10 in Armour
 69634 | Slime:3  | Found a viscous altar of Jiyva.
 69692 | Slime:3  | Received a gift from Sif Muna
 69693 | Slime:3  | Got Sif Muna's Book of Puissant Cold {god gift}
 70470 | Slime:2  | Reached XP level 22. HP: 127/127 MP: 28/46
 70889 | Slime:5  | Entered Level 5 of the Pits of Slime
 71109 | Slime:5  | Noticed the Royal Jelly
 71119 | Slime:5  | Killed the Royal Jelly
 71372 | Slime:5  | Gained mutation: Armour fits poorly on your strangely
                  | shaped body. [a shining eye]
 71594 | Slime:5  | Identified the staff of Riuneq {rElec rPois SInv Air}
 71597 | Slime:5  | Identified the +0 pair of gloves of Muttered Phrases
                  | {Will+++ rCorr Int-5 SInv}
 71600 | Slime:5  | Identified the staff "Isu Ukk" {rPois rF+ rC- Int+3 Fire}
 71601 | Slime:5  | Identified the +2 cloak of Firotaaph {rF- rCorr MP+9 Int-5}
 71672 | Slime:5  | Identified the ring "Zadaice" {Fly rF+++ rCorr Stlth-}
 71688 | Slime:5  | Got a slimy rune of Zot
 72137 | Crypt:1  | Entered Level 1 of the Crypt
 72359 | Crypt:1  | Identified the ring of Temptation {+Blink rC+ rCorr SInv}
 72370 | Crypt:1  | Found a runed translucent gate.
 72370 | Crypt:1  | Found a runed translucent gate.
 72370 | Crypt:1  | Found a runed translucent gate.
 72372 | Crypt:1  | Noticed Nick's ghost (adept SpDe)
 72948 | Crypt:1  | Noticed Grunn
 72960 | Crypt:1  | Killed Grunn
 73765 | Crypt:2  | Received a gift from Sif Muna
 73770 | Crypt:2  | Got Sif Muna's Reference Book on the Deep Freeze and the
                  | Shot {god gift}
 73978 | Crypt:2  | Noticed Margery
 73986 | Crypt:2  | Killed Margery
 74261 | Crypt:2  | Identified the +2 robe of the Ecumenical Temple {Fly rC+
                  | Int+2}
 74622 | Crypt:2  | Noticed Vv
 74638 | Crypt:3  | Entered Level 3 of the Crypt
 74655 | Crypt:3  | Learned a level 8 spell: Lehudib's Crystal Spear
 74951 | Crypt:3  | Found a basalt altar of Yredelemnul.
 75520 | Crypt:3  | Reached skill level 15 in Earth Magic
 75723 | Crypt:3  | Got Allus's Secrets of Carcasses
 75848 | Crypt:3  | Reached XP level 23. HP: 106/132 MP: 39/49
 76078 | Crypt:3  | Received a gift from Sif Muna
 76084 | Crypt:3  | Got Sif Muna's Incunabulum of Conjuring {god gift}
 76188 | Crypt:3  | Noticed Jory
 76197 | Crypt:3  | Killed Jory
 76263 | Crypt:3  | Found a staircase to the Tomb.
 77254 | Depths:1 | Entered Level 1 of the Depths
 77348 | Depths:1 | Found a one-way gateway to a ziggurat.
 77770 | Depths:1 | Found Tephad's Weapon Boutique.
 78188 | Depths:1 | Found a gateway to Hell.
 78195 | Depths:1 | You are sucked into a shaft and drop 1 floor!
 78795 | Depths:2 | Found a one-way gate leading to the halls of Pandemonium.
 78821 | Depths:2 | Reached skill level 15 in Conjurations
 79089 | Depths:1 | Found a sparkling altar of Nemelex Xobeh.
 79564 | Depths:2 | Noticed an ancient lich
 79572 | Depths:2 | Killed an ancient lich
 79573 | Depths:2 | Reached skill level 1 in Shapeshifting
 79686 | Depths:2 | Received a gift from Sif Muna
 79698 | Depths:2 | Got Ydiu's Notes on Calling {god gift}
 80005 | Depths:2 | Noticed an ancient lich
 80014 | Depths:2 | Killed an ancient lich
 80236 | Depths:2 | Found a candlelit altar of Ignis.
 80262 | Depths:2 | Identified the +1 fire dragon scales of Uneffa {Fly rF++
                  | rC- Regen+ rCorr Int+2}
 80467 | Depths:2 | Found a one-way gate to the infinite horrors of the Abyss.
 80958 | D:5      | Killed Duvessa
 80959 | D:5      | Killed Dowan
 81042 | D:5      | Killed paps's ghost
 81134 | D:2      | Learned a level 1 spell: Apportation
 81399 | Depths:3 | Identified the +4 robe of Panentheism {+Inv}
 81399 | Depths:3 | Noticed Boris
 81668 | Depths:3 | Reached XP level 24. HP: 137/137 MP: 40/49
 82014 | Depths:3 | Identified the +0 leather armour "Xinexz Amaq" {Slay+3}
 82064 | Depths:3 | Found a shimmering blue altar of Sif Muna.
 82084 | Depths:3 | Found a transporter.
 82115 | Depths:3 | Found an iron altar of Okawaru.
 82141 | Depths:3 | Killed Boris
 82433 | Depths:3 | Reached skill level 5 in Shapeshifting
 82771 | Depths:3 | Identified the -2 hat of the Wizarding Gods {Dex+2}
 82789 | Depths:3 | Found a transporter.
 82790 | Depths:3 | Identified the +1 chain mail "Agawnios" {+Blink rElec rC+
                  | Int-3}
 82822 | Depths:4 | Entered Level 4 of the Depths
 83499 | Depths:4 | Received a gift from Sif Muna
 83530 | Depths:4 | Got Sif Muna's Thoughts on Location and the Throng {god
                  | gift}
 83864 | Depths:4 | Found a gate to the Realm of Zot.
 84608 | Vaults:5 | Entered Level 5 of the Vaults
 85904 | Vaults:5 | Reached XP level 25. HP: 141/141 MP: 39/49
 85980 | Vaults:5 | Received a gift from Sif Muna
 86004 | Vaults:5 | Reached skill level 10 in Shapeshifting
 86118 | Vaults:5 | Identified the +10 trident of the Cup {pain, rElec rPois
                  | Str-5 Dex-3}
 86264 | Vaults:5 | Found the ring of the Octopus King {HP+2 MP+9 AC+2 EV+2
                  | SH+2}
 86278 | Vaults:5 | Identified the +1 plate armour of Abstinence {Regen+ Str-2
                  | Stlth+}
 87045 | Vaults:5 | Noticed a dread lich
 87057 | Vaults:5 | Killed a dread lich
 87177 | Vaults:5 | Identified the +1 shortbow of the Scuffed God {freeze,
                  | rPois Str+3}
 87234 | Vaults:5 | Got a silver rune of Zot
 87391 | Vaults:5 | Found the +2 hood of the Assassin {Detect Stab+ Stlth++}
 87574 | Vaults:5 | Identified the staff of the Shrike {rPois Str+2 Int+2
                  | Alchemy}
 87739 | Vaults:5 | Noticed a dread lich
 87746 | Vaults:5 | Killed a dread lich
 88661 | Zot:1    | Entered Level 1 of the Realm of Zot
 89202 | Zot:1    | Identified the ring of the Resonant God {Ice Str+5 Dex-4}
 89202 | Zot:1    | Noticed Josephina
 89216 | Zot:1    | Killed Josephina
 90964 | Zot:2    | Received a gift from Sif Muna
 91222 | Zot:2    | Reached skill level 15 in Shapeshifting
 92120 | Zot:2    | Noticed an orb of fire
 92125 | Zot:2    | Gained mutation: You are frail. (-10% HP) [an orb of fire]
 92125 | Zot:2    | Gained mutation: You possess an exceptional clarity of
                  | mind. [an orb of fire]
 92141 | Zot:2    | Killed an orb of fire
 93591 | Zot:3    | Reached XP level 26. HP: 132/132 MP: 36/49
 94231 | Zot:3    | Reached XP level 27. HP: 136/136 MP: 49/49
 94265 | Zot:3    | Identified the +4 chain mail of Sorcery {^Drain +Blink Fly
                  | rPois}
 95265 | Zot:3    | Identified the +0 quarterstaff "Zunlo Woim" {freeze, rF+
                  | Dex+3}
 95267 | Zot:3    | Identified the +4 quick blade of Okawaru's Fury {freeze,
                  | rC+ MP+9}
 96945 | Zot:5    | Entered Level 5 of the Realm of Zot
 97386 | Zot:5    | Learned a level 4 spell: Passage of Golubria
 97452 | Zot:5    | Noticed an ancient lich
 97458 | Zot:5    | Killed an ancient lich
 97626 | Zot:5    | Noticed an orb of fire
 97627 | Zot:5    | Gained mutation: You are clumsy. (Dex -2) [an orb of fire]
 97633 | Zot:5    | Killed an orb of fire
 98092 | Zot:5    | Noticed an orb of fire
 98095 | Zot:5    | Noticed an orb of fire
 98098 | Zot:5    | Killed an orb of fire
 98098 | Zot:5    | Noticed an orb of fire
 98101 | Zot:5    | Killed an orb of fire
 98103 | Zot:5    | Noticed a dread lich
 98104 | Zot:5    | Killed an orb of fire
 98109 | Zot:5    | Killed a dread lich
 98113 | Zot:5    | Noticed a dread lich
 98177 | Zot:5    | Killed a dread lich
 98551 | Zot:5    | Lost mutation: You possess an exceptional clarity of mind.
                  | [potion of mutation]
 98551 | Zot:5    | Lost mutation: Armour fits poorly on your strangely shaped
                  | body. [potion of mutation]
 98551 | Zot:5    | Lost mutation: You are clumsy. (Dex -2) [potion of
                  | mutation]
 98551 | Zot:5    | Gained mutation: You have hidden genetic defects. [potion
                  | of mutation]
 98551 | Zot:5    | Gained mutation: Your flesh is cold resistant. (rC+)
                  | [potion of mutation]
 98551 | Zot:5    | Gained mutation: You possess an exceptional clarity of
                  | mind. [potion of mutation]
 98552 | Zot:5    | Lost mutation: You possess an exceptional clarity of mind.
                  | [potion of mutation]
 98552 | Zot:5    | Lost mutation: You have hidden genetic defects. [potion of
                  | mutation]
 98552 | Zot:5    | Lost mutation: Your flesh is cold resistant. (rC+) [potion
                  | of mutation]
 98552 | Zot:5    | Gained mutation: You are agile. (Dex +4, Str/Int -1)
                  | [potion of mutation]
 98553 | Zot:5    | Lost mutation: You are agile. (Dex +4, Str/Int -1) [potion
                  | of mutation]
 98553 | Zot:5    | Lost mutation: You are frail. (-10% HP) [potion of
                  | mutation]
 98553 | Zot:5    | Gained mutation: You have a pair of small horns on your
                  | head. [potion of mutation]
 98553 | Zot:5    | Gained mutation: Your flesh is cold resistant. (rC+)
                  | [potion of mutation]
 98553 | Zot:5    | Gained mutation: You are weak. (Str -2) [potion of
                  | mutation]
 98553 | Zot:5    | Gained mutation: You are agile. (Dex +4, Str/Int -1)
                  | [potion of mutation]
 98554 | Zot:5    | Lost mutation: You are agile. (Dex +4, Str/Int -1) [potion
                  | of mutation]
 98554 | Zot:5    | Lost mutation: You are weak. (Str -2) [potion of mutation]
 98554 | Zot:5    | Gained mutation: You are robust. (+10% HP) [potion of
                  | mutation]
 98554 | Zot:5    | Gained mutation: Your muscles are strong. (Str +4, Int/Dex
                  | -1) [potion of mutation]
 98921 | Pan      | Entered Pandemonium
 98934 | Pan      | Identified the +1 robe of Vyngauki {rElec Dex+3}
 99079 | Pan      | Noticed Giavu the pandemonium lord
 99095 | Pan      | Killed Giavu the pandemonium lord
100302 | Pan      | Entered the realm of Lom Lobon.
100428 | Pan      | Identified the +1 quarterstaff of Causality {spect, rElec
                  | rF+ Int+7}
101022 | Pan      | Reached ****** piety under Sif Muna
101732 | Pan      | Reached skill level 10 in Invocations
101898 | Pan      | Noticed Lom Lobon
101902 | Pan      | Killed Lom Lobon
102019 | Pan      | Got a magical rune of Zot
102405 | Pan      | Identified the +5 war axe "Fotohu Goir" {drain, rC+ Will+
                  | Dex-4}
102411 | Pan      | Found an exit through the horrors of the Abyss.
102572 | Pan      | Noticed Zuresy the pandemonium lord
102583 | Pan      | Killed Zuresy the pandemonium lord
103742 | Pan      | Noticed Mennas
103749 | Pan      | Killed Mennas
104544 | Pan      | Noticed Mecoil the pandemonium lord
104574 | Pan      | Killed Mecoil the pandemonium lord
105083 | Depths:4 | Escaped Pandemonium
105085 | Pan      | Entered the realm of Gloorx Vloq.
105085 | Pan      | Entered Pandemonium
105264 | Pan      | Learned a level 4 spell: Fulminant Prism
105771 | Pan      | Identified the +1 hat of Crawling {rElec rF+ Str-5 Int+6}
106222 | Pan      | Reached skill level 15 in Dodging
106578 | Pan      | Learned a level 5 spell: Yara's Violent Unravelling
106594 | Pan      | Reached skill level 1 in Hexes
106737 | Pan      | Noticed Gloorx Vloq
106746 | Pan      | Killed Gloorx Vloq
106908 | Pan      | Reached skill level 5 in Hexes
107286 | Pan      | Got a dark rune of Zot
109519 | Pan      | Found a transporter.
109836 | Pan      | Found a transporter.
110436 | Pan      | Identified the +1 spear "Askocha" {drain, ^Fragile Will++
                  | Int+3}
110437 | Pan      | Identified the ring of Goimeun {rC- rCorr EV+5 Str+4 Int+7}
110450 | Pan      | Identified the ring of Tension {Fire Will+ Dex+3}
110452 | Pan      | Identified the +3 scale mail "Heraf" {Dex+3}
110812 | Pan      | Noticed Vaulet the pandemonium lord
110822 | Pan      | Killed Vaulet the pandemonium lord
111495 | Pan      | Reached skill level 15 in Fighting
111653 | Pan      | Noticed Bexorouw the pandemonium lord
111661 | Pan      | Killed Bexorouw the pandemonium lord
113361 | Pan      | Identified the +9 mace "Sumik" {venom, rF+++ rCorr Int-5
                  | Stlth+}
114015 | Pan      | Identified the +8 chain mail "Ofuqead" {rElec rF+ Regen+
                  | Dex+3}
114561 | Pan      | Noticed Hoedi the pandemonium lord
114566 | Pan      | Killed Hoedi the pandemonium lord
115158 | Pan      | Found an exit through the horrors of the Abyss.
115398 | Pan      | Entered the realm of Mnoleg.
116429 | Pan      | Noticed Mnoleg
116448 | Pan      | Killed Mnoleg
116519 | Pan      | Got a glowing rune of Zot
116871 | Pan      | Entered the realm of Cerebov.
116872 | Pan      | Found an exit through the horrors of the Abyss.
117269 | Pan      | Identified the serpent talisman of Cuqiob {rF++ Dex-2}
117947 | Pan      | Identified the maw talisman "Keareat" {Will+ Stlth+}
118481 | Pan      | Identified the +10 scimitar "Zuhir" {drain, Str+3 Int-5
                  | Dex+6 SInv}
118779 | Pan      | Found the +6 sword of Cerebov {flame}
118779 | Pan      | Noticed Cerebov
118919 | Pan      | Killed Cerebov
119115 | Pan      | Identified the +8 hand axe "Gegir" {drain, Int+3 Stlth+}
119319 | Pan      | Identified the staff "Vyeciof" {rC+ Str+3 Ice}
119320 | Pan      | Identified the +2 scimitar of the Iron City of Dis {elec,
                  | rCorr MP-9 Str+2 Int+5}
119357 | Pan      | Identified the +2 hand axe of Qemu {freeze, Will+ Str+2}
119373 | Pan      | Identified the +10 flail of Blood {drain, rElec}
119374 | Pan      | Identified the +8 spear "Leqacath" {drain, +Blink rF+ rC-
                  | SInv}
119423 | Pan      | Got a fiery rune of Zot
119948 | Pan      | Noticed Iqula the pandemonium lord
119953 | Pan      | Killed Iqula the pandemonium lord
120988 | Pan      | Found an exit through the horrors of the Abyss.
121599 | Pan      | Reached skill level 15 in Armour
121713 | Pan      | Found an exit through the horrors of the Abyss.
122039 | Pan      | Learned a level 6 spell: Bombard
122445 | Pan      | Got a demonic rune of Zot
122741 | Pan      | Noticed Ralon the pandemonium lord
122749 | Pan      | Killed Ralon the pandemonium lord
123530 | Pan      | Found an exit through the horrors of the Abyss.
123744 | Pan      | Learned a level 5 spell: Lee's Rapid Deconstruction
124558 | Pan      | Noticed Deanil the pandemonium lord
124569 | Pan      | Killed Deanil the pandemonium lord
124992 | Pan      | Learned a level 6 spell: Dispersal
125103 | Pan      | Found an exit through the horrors of the Abyss.
125290 | Pan      | Noticed Pafokutziu the pandemonium lord
125304 | Pan      | Killed Pafokutziu the pandemonium lord
125943 | Pan      | Found a burning altar of Makhleb.
126050 | Pan      | Found an exit through the horrors of the Abyss.
126310 | Pan      | Noticed Liabocke the pandemonium lord
127309 | Pan      | Reached skill level 10 in Translocations
127455 | Pan      | Identified the +8 hand axe of the Chickpea {vamp, rPois rF-
                  | rCorr}
127746 | Pan      | Found a white marble altar of Elyvilon.
128710 | Pan      | Found a glowing silver altar of Zin.
129978 | Pan      | Identified the ring "Ronicere" {Fly rPois rF+ rC+ AC+4}
129978 | Pan      | Noticed a seraph
129988 | Pan      | Killed a seraph
130086 | Pan      | Found a glowing golden altar of the Shining One.
130277 | Depths:4 | Escaped Pandemonium
130345 | Hell     | Entered the Vestibule of Hell
130345 | Hell     | Noticed Geryon
130353 | Hell     | Killed Geryon
130627 | Hell     | Paralysed by a wendigo for 1 turns
130721 | Hell     | Found a gateway to the freezing wastes of Cocytus.
130799 | Hell     | Found a gateway to the decaying netherworld of Tartarus.
130858 | Hell     | Found a gateway to the ashen valley of Gehenna.
131240 | Hell     | Found a gateway to the Iron City of Dis.
131329 | Geh:1    | Entered Level 1 of Gehenna
132575 | Geh:3    | Learned a level 9 spell: Shatter
132877 | Geh:5    | Noticed an ancient lich
132885 | Geh:5    | Killed an ancient lich
133676 | Geh:7    | Entered Level 7 of Gehenna
135239 | Geh:7    | Found the +13 sceptre of Asmodeus
135239 | Geh:7    | Noticed Asmodeus
135260 | Geh:7    | Killed Asmodeus
135421 | Geh:7    | Got an obsidian rune of Zot
135596 | Coc:1    | Entered Level 1 of Cocytus
135803 | Coc:1    | Noticed an ancient lich
135810 | Coc:1    | Killed an ancient lich
135997 | Coc:2    | Reached skill level 1 in Necromancy
136002 | Coc:2    | Paralysed by a wendigo for 1 turns
136714 | Coc:3    | Reached skill level 5 in Necromancy
138333 | Coc:6    | Reached skill level 10 in Necromancy
138663 | Coc:7    | Entered Level 7 of Cocytus
138828 | Coc:7    | Paralysed by a wendigo for 1 turns
139035 | Coc:7    | Paralysed by a wendigo for 1 turns
139238 | Coc:7    | Identified the +9 halberd "Heilavoq" {flame, *Noise Will-
                  | MP+9 Dex+6}
139863 | Coc:7    | Paralysed by a wendigo for 1 turns
140133 | Coc:7    | Identified the ring "Keliuh" {rPois rC- rN++ EV+5}
140337 | Coc:7    | Identified the +4 dagger "Maeclok" {spect, rCorr}
140339 | Coc:7    | Identified the +0 plate armour of the Sultana {Int+3}
140406 | Coc:7    | Paralysed by a wendigo for 1 turns
140829 | Coc:7    | Paralysed by a wendigo for 1 turns
141344 | Coc:7    | Noticed Antaeus
141590 | Coc:7    | Killed Antaeus
141792 | Coc:7    | Identified the ring "Gisuvoex" {Ice Will+ Str+4}
141795 | Coc:7    | Identified the ring "Rukhoph" {rPois rF+ rC+ Will+ rCorr}
141823 | Coc:7    | Got an icy rune of Zot
141976 | Dis:1    | Entered Level 1 of the Iron City of Dis
142233 | Dis:1    | You are sucked into a shaft and drop 1 floor!
142881 | Dis:3    | Learned a level 6 spell: Bombard
143849 | Dis:7    | Entered Level 7 of the Iron City of Dis
144153 | Dis:7    | Noticed a juggernaut
144156 | Dis:7    | Killed a juggernaut
144559 | Dis:7    | Noticed a juggernaut
144566 | Dis:7    | Killed a juggernaut
144566 | Dis:7    | Noticed a juggernaut
144574 | Dis:7    | Killed a juggernaut
145097 | Dis:7    | Identified the +2 demon whip of Tidymp {venom, rElec rN++
                  | Will+ Stlth-}
145205 | Dis:7    | Identified the amulet of the Scarab {Spirit rF+ rC+ Str-2
                  | Dex+2}
146459 | Dis:7    | Identified the +0 scale mail of Hunlip {MP+9 Int+6}
146512 | Dis:7    | Identified the ring of the Briny Deep {^Drain rElec rC+++
                  | AC+4 Str-2}
146767 | Dis:7    | Noticed Dispater
147015 | Dis:7    | Killed Dispater
147045 | Dis:7    | Identified the +0 chain mail of the Delightful God {Rampage
                  | Str+3 Int+4 SInv}
147052 | Dis:7    | Got an iron rune of Zot
147118 | Dis:7    | Noticed the Serpent of Hell
147917 | Dis:7    | Killed the Serpent of Hell
147985 | Tar:1    | Entered Level 1 of Tartarus
148398 | Tar:2    | Reached skill level 1 in Staves
148884 | Tar:3    | Found a runed translucent door.
148885 | Tar:3    | You are sucked into a shaft and drop 3 floors!
149103 | Tar:6    | Reached skill level 5 in Staves
149491 | Tar:7    | Entered Level 7 of Tartarus
150349 | Tar:7    | Found the +2 pair of slick slippers {slick, slippery, EV+4}
150562 | Tar:7    | Found the +0 pair of fencer's gloves {Riposte Dex+3}
150821 | Tar:7    | Noticed an ancient lich
150824 | Tar:7    | Killed an ancient lich
150924 | Tar:7    | Identified the staff of Dawn {rF+ Fire Ice}
150950 | Tar:7    | Reached skill level 10 in Staves
151355 | Tar:7    | Noticed a dread lich
151367 | Tar:7    | Noticed a dread lich
151370 | Tar:7    | Killed a dread lich
151371 | Tar:7    | Paralysed by a dread lich for 4 turns
151380 | Tar:7    | Killed a dread lich
151494 | Tar:7    | Noticed Ereshkigal
151699 | Tar:7    | HP: 4/206 [Tzitzimitl/dispel undead (46)]
151701 | Tar:7    | Slain by Ereshkigal

Illustrated notes

Levels and vault maps discovered:
D:1:      dpeg_arrival_erosion, layout_basic
D:2:      minmay_angry_zag, layout_basic,
          nicolae_concentric_dashed_squares_mild, minmay_statues_item,
          uniq_jessica
D:3:      cheibrodos_pilgrimage, layout_basic
D:4:      layout_loops_corners, dilly_guarded_unrand_devastator, uniq_natasha
D:5:      kennysheep_spiral_hall, layout_loops_corners,
          hellmonk_ghost_happy_afterlife, uniq_duvessa
D:6:      layout_basic, cheibrodos_worm_habitat, mainiacjoe_overflow_alcove_1,
          mainiacjoe_overflow_brackets, temple_fountains,
          cheibrodos_sewer_entry_drain
D:7:      kennysheep_big_flooded_room, layout_cave_pods, led_sif_pool,
          enter_bailey_4, minmay_shop_grid_forest, minmay_unpleasant_kobolds
D:8:      layout_rooms
D:9:      layout_roguey, xom_confusion_cloud, gammafunk_temple_overflow_wave,
          minmay_hedge_maze, minmay_splitting_lines
D:10:     minmay_polygon_palace, layout_stronghold,
          mainiacjoe_overflow_surrounded_room, mainiacjoe_overflow_paths,
          grunt_ministairs_6, nicolae_nh_ransacked_shop
D:11:     hangedman_cross_cluster, layout_small_grid, erik_orc_1, serial_shops,
          nicolae_shop_advertising_works [nicolae_subvault_shop_adworks],
          chequers_serial_rivers_room_a, uniq_gastronok
D:12:     layout_roguey, uniq_nergalle
D:13:     minmay_recursive_quarters, layout_basic, serial_shops,
          nicolae_shop_hallway_plus, library_closet
D:14:     layout_rooms, hellmonk_vaults_attempted_burglary,
          trog_three_pillars_becter, uniq_jorgrun, uniq_agnes
D:15:     hangedman_depths_entry_civil_slaughter, layout_gridville,
          corexii_leaking_fountain
Temple:   cyrus_circular_temple
Lair:1:   layout_long_grid, beast_lair_carwin_2, grunt_megastairs_1
Lair:2:   layout_regular_city, grunt_megastairs_4
Lair:3:   layout_misc_corridors, shoals_dummy_entry,
          minmay_snake_entry_guardpost_medium, infiniplex_staircase_pool
Lair:4:   layout_cave_pods, minmay_slime_entry_eyes, kilobyte_rumbling_trees,
          serial_bayou_shore_b, grunt_megastairs_5
Lair:5:   evilmike_catoblepas_cave, layout_concentric_octagons
Shoals:1: layout_shoals, uniq_louise, uniq_mlioglotl, uniq_aizul
Shoals:2: layout_shoals, nicolae_stop_n_shop_2, uniq_polyphemus, uniq_roxanne
Shoals:3: argonaut_golden_fleece, layout_shoals, nicolae_shoals_songs
Shoals:4: shoals_end_hellmonk_storm_palace [storm_palace_center_circular,
          storm_palace_corner_pillars, storm_palace_corner_grid,
          storm_palace_corner_altar, storm_palace_corner_altar]
Snake:1:  layout_misc_corridors
Snake:2:  layout_chambers, minmay_shop_grove
Snake:3:  nicolae_snake_nest, layout_concentric_octagons,
          nicolae_triple_integral
Snake:4:  minmay_snake_end_coiled, layout_chambers,
          nicolae_snake_serpentine_hallways
Slime:1:  layout_caves
Slime:2:  layout_caves
Slime:3:  layout_caves, basic_altar
Slime:4:  layout_caves, cheibrodos_slime_lost_civilization_7
Slime:5:  slime_pit_nicolae_jellycorners
Orc:1:    cheibrodos_orc_guarddog, layout_diamond_mine, serial_shops, shop,
          lightli_orcish_oven
Orc:2:    st_orc_pillars, layout_diamond_mine, minmay_shop_enchanted_jewellery
Elf:1:    layout_onion_city, serial_shops, shop, uniq_kirke, uniq_azrael
Elf:2:    elven_hall_of_blades_hangedman_original [mumra_blade_entry_dagger],
          layout_gridlike, drop_trap, uniq_norris
Elf:3:    minmay_elf_hall_spiked, layout_geoelf_diagonals, serial_glass,
          glass_columns_a, glass_columns_b, serial_shops,
          nicolae_shop_statue_plus, guppyfry_library_mini
Vaults:1: hangedman_vaults_stitches, nicolae_vaults_specimen_jars,
          nicolae_vaults_closet_pinwheel_4,
          nicolae_vaults_variable_pillar_hall_cross, nicolae_vaults_house_3,
          vaults_dpeg_diagonal, v_misc_22, hangedman_vaults_slither,
          nicolae_vaults_storage_closets_1, v_misc_13,
          nicolae_vaults_an_arrangement, nicolae_vaults_tetromino_T_2,
          ontoclasm_vaults_ligature, vaults_dpeg_emergency_exit,
          nicolae_vaults_wine_cellar, layout_vaults_maze_snakey, uniq_boris,
          uniq_nikola
Vaults:2: minmay_crypt_entry_necro_gods, nicolae_vaults_diagonal_hallway_7,
          hangedman_vaults_impose, nicolae_vaults_closet_pinwheel_5, v_misc_15,
          v_misc_23, ontoclasm_vaults_ring_small,
          nicolae_vaults_little_squares_4, nicolae_vaults_turnstiles,
          nicolae_vaults_mini_display_case, nicolae_vaults_more_shelving_2,
          layout_vaults_omnigrid, serial_shops, nicolae_diamond_shop,
          uniq_donald
Vaults:3: v_alt_pattern_6, nicolae_vaults_inception_network,
          nicolae_vaults_tangram_2, nicolae_vaults_trapezoid_lopsided_3,
          v_misc_4, v_misc_13, nicolae_vaults_door_testing_chamber,
          nicolae_vaults_closet_pinwheel_5, nicolae_vaults_closet_pinwheel_6,
          vaults_room_boxed, nicolae_vaults_variable_pillar_hall,
          grunt_vaults_hallway_short, layout_vaults_omnibox
Vaults:4: gammafunk_ghost_fury_of_okawaru, nicolae_vaults_six-pack,
          nicolae_vaults_double_plus_3, nicolae_vaults_frosty_reception,
          hangedman_vaults_capsules, hangedman_vaults_nails, vaults_room_pools,
          ontoclasm_vaults_bender, nicolae_vaults_trapezoid_3,
          nicolae_vaults_inception_scallops, nicolae_vaults_stepped_doors,
          ontoclasm_vaults_loading_screen, grunt_vaults_diagonal,
          ontoclasm_vaults_chip, layout_vaults_big_cross
Vaults:5
Crypt:1:  layout_gridlike, mu_enter_wizlab_3, ebering_ghost_rock_garden,
          minivault_11, st_stairs_11, grunt_crypt_arrival_split, uniq_grunn
Crypt:2:  layout_misc_corridors, grunt_megastairs_2, uniq_vv, uniq_margery
Crypt:3:  grunt_crypt_end_deaths_head
Depths:1: layout_gridville, enter_ziggurat_b, grunt_pan_entry_zigzag,
          bh_walls_and_bars, hell_entry, dk_noncrumbling_4,
          nemelex_spade_bored_becter, minmay_shop_star
Depths:2: regret_index_infernal_bastille, layout_cave_pools, pan_entry,
          abyss_entry_small_statue_room, pf_hell_entry_great_geh,
          minmay_staircase_bubble
Depths:3: gammafunk_sealed_library, layout_cave_pools,
          hangedman_decor_peaks_small, pan_entry, abyss_entry, grunt_metal_band,
          okawaru_gym_becter, minmay_staircase_windowed_small
Depths:4: grunt_zot_entry_alcove, layout_cave_pools, rand_demon_pan_entry_8,
          hangedman_tar_grid_catacomb, grunt_decor_arrowhead,
          serial_bayou_shore_b
Hell
Dis:1:    nicolae_dis_hell_towers
Dis:2:    layout_gridville
Dis:3:    layout_gridville
Dis:4:    layout_gridville
Dis:5:    nicolae_dis_metal_hellway, layout_regular_city
Dis:6:    layout_gridville, nicolae_hells_hurtin_island
Dis:7:    dis_grunt_layers
Geh:1:    layout_gehenna_pools_triple, hangedman_gehenna_grave_pits
Geh:2:    layout_gehenna_pools_basic
Geh:3:    layout_gehenna_pools_box, nicolae_geh_niches_of_the_damned
Geh:4:    layout_gehenna_lava_caves
Geh:5:    layout_gehenna_pools_box
Geh:6:    layout_gehenna_lava_caves
Geh:7:    geh_grunt
Coc:1:    layout_ice_bergs, nicolae_coc_icebean_singular
          [nicolae_sub_coc_subbean]
Coc:2:    nicolae_coc_three_more_mouths, layout_cocytus_water_paths
Coc:3:    layout_ice_bergs
Coc:4:    layout_ice_bergs
Coc:5:    layout_ice_bergs
Coc:6:    layout_cocytus_water_paths, nicolae_hells_seeping_fissure
Coc:7:    coc_mu
Tar:1:    layout_grid_maze, nicolae_tar_cuneiform_heaven
Tar:2:    layout_honeycomb
Tar:3:    nicolae_tar_ssshhh
Tar:6:    layout_grid_maze
Tar:7:    tar_grunt_cathedral
Zot:1:    layout_onion_interference, skrybe_zot_glass_3, uniq_josephina
Zot:2:    lemuel_firehouse, layout_onion_interference
Zot:3:    bobbens_index_wilting_gardens, layout_misc_corridors
Zot:4:    layout_misc_corridors
Zot:5:    layout_misc_corridors

Skill      XL: |  1  2  3  4  5  6  7  8  9 10 11 12 13 14 15 16 17 18 19 20 21 22 23 24 25 26 27 |
---------------+----------------------------------------------------------------------------------+-----
Stealth        | 3 4 5 7 |  7.0
Spellcasting   | 4 5 6 8 9 12 13 14 15 16 17 18 20 26 | 26.0
Conjurations   | 5 6 7 8 10 12 15 17 18 22 | 22.3
Translocations | 2 4 5 10 | 10.0
Alchemy        | 3 5 7 |  7.0
Dodging        | 4 5 8 9 11 12 20 | 20.0
Air Magic      | 2 7 8 |  8.0
Summonings     | 4 |  4.0
Invocations    | 6 9 13 | 13.0
Fighting       | 4 5 6 8 9 10 23 | 23.5
Evocations     | 5 7 8 9 |  9.0
Ice Magic      | 1 7 11 14 16 18 21 23 24 25 26 | 26.0
Earth Magic    | 1 7 9 12 15 18 20 24 | 24.0
Shields        | 1 5 8 10 12 14 15 20 | 20.0
Armour         | 1 5 7 10 19 | 19.8
Shapeshifting  | 3 9 16 17 23 | 23.0
Hexes          | 5 |  5.0
Necromancy     | 10 | 10.0
Staves         | 11 | 11.9

Action                     |  1- 3 |  4- 6 |  7- 9 | 10-12 | 13-15 | 16-18 | 19-21 | 22-24 | 25-27 || total
---------------------------+-------+-------+-------+-------+-------+-------+-------+-------+-------++-------
  Melee: Staff             |       |       |     1 |       |    33 |    40 |    25 |     4 |    30 ||   133
         Morningstar       |       |       |       |       |       |       |       |     1 |       ||     1
         Headbutt          |       |       |       |       |       |       |       |       |    27 ||    27
  Throw: Throwing net      |       |       |       |       |       |       |       |       |     4 ||     4
         Dart              |       |       |       |       |       |       |       |       |     2 ||     2
   Cast: Magic Dart        |    51 |    62 |   123 |   111 |    90 |       |       |       |       ||   437
         Searing Ray       |     3 |    14 |    37 |    41 |    41 |       |       |       |       ||   136
         Iskenderun's Myst |       |     1 |    33 |    95 |   229 |    32 |    43 |    63 |   270 ||   766
         Airstrike         |       |       |    30 |   159 |   213 |    14 |       |       |       ||   416
         Summon Lightning  |       |       |       |    23 |   111 |     7 |     7 |     2 |     3 ||   153
         Fulminant Prism   |       |       |       |     2 |       |     9 |     5 |       |     1 ||    17
         Ozocubu's Refrige |       |       |       |       |    62 |   355 |   156 |   188 |   886 ||  1647
         Irradiate         |       |       |       |       |     6 |     3 |    37 |    26 |    66 ||   138
         Bombard           |       |       |       |       |       |     8 |    10 |    71 |    41 ||   130
         Permafrost Erupti |       |       |       |       |       |   218 |   296 |   335 |  1736 ||  2585
         Ozocubu's Armour  |       |       |       |       |       |     2 |    14 |    25 |    69 ||   110
         Metabolic Englaci |       |       |       |       |       |       |     4 |     6 |    16 ||    26
         Polar Vortex      |       |       |       |       |       |       |    10 |    41 |    81 ||   132
         Lehudib's Crystal |       |       |       |       |       |       |       |     5 |   598 ||   603
         Shatter           |       |       |       |       |       |       |       |       |    46 ||    46
         Yara's Violent Un |       |       |       |       |       |       |       |       |    30 ||    30
         Lee's Rapid Decon |       |       |       |       |       |       |       |       |    11 ||    11
         Maxwell's Capacit |       |       |       |       |       |       |       |       |     9 ||     9
         Dispersal         |       |       |       |       |       |       |       |       |     6 ||     6
         Passage of Golubr |       |       |       |       |       |       |       |       |     3 ||     3
         Apportation       |       |       |       |       |       |       |       |       |     3 ||     3
         Blink             |       |       |       |       |       |       |       |       |     2 ||     2
         Chain Lightning   |       |       |       |       |       |       |       |       |     1 ||     1
         Fire Storm        |       |       |       |       |       |       |       |       |     1 ||     1
 Invoke: Channel Magic     |       |       |       |     3 |     9 |     8 |    16 |    18 |   133 ||   187
         Divine Exegesis   |       |       |       |       |       |       |       |       |    11 ||    11
         Forget Spell      |       |       |       |       |       |       |       |       |     6 ||     6
  Evoke: Wand              |       |       |       |     1 |     5 |     3 |       |       |     5 ||    14
         Lightning rod     |       |       |       |       |       |       |       |       |     4 ||     4
         Sack of spiders   |       |       |       |       |       |       |       |       |     3 ||     3
         Phial of floods   |       |       |       |       |       |       |       |       |     1 ||     1
         Phantom mirror    |       |       |       |       |       |       |       |       |     1 ||     1
    Use: Scroll            |       |       |     7 |     8 |     7 |     5 |    13 |     5 |    32 ||    77
         Potion            |       |       |     1 |       |       |       |     2 |       |    11 ||    14
 Armour: Robe              |     6 |     8 |    17 |       |       |       |       |       |       ||    31
         Steam dragon scal |       |       |    35 |    10 |       |       |       |       |       ||    45
         Leather armour    |       |       |       |    91 |       |       |       |       |       ||    91
         Acid dragon scale |       |       |       |    13 |   321 |   148 |   194 |   253 |   514 ||  1443
         Swamp dragon scal |       |       |       |       |       |       |       |       |   579 ||   579
  Dodge: Dodged            |    11 |     7 |    47 |    69 |   171 |    46 |    61 |   112 |   373 ||   897
  Block: Buckler           |       |       |       |       |    39 |    23 |       |       |       ||    62
         Kite shield       |       |       |       |       |       |     3 |   104 |   191 |   316 ||   614
         Tower shield      |       |       |       |       |       |       |       |       |   567 ||   567
Riposte: Staff             |       |       |       |       |       |       |       |       |    28 ||    28
   Form: Death             |       |       |       |       |       |       |       |       |     7 ||     7
                           |       |       |       |       |       |       |       |       |     6 ||     6

Table legend: (Time is in decaauts)
 A = Elapsed time spent in this place.
 B = Non-inter-level travel time spent in this place.
 C = Inter-level travel time spent in this place.
 D = Time resting spent in this place.
 E = Time spent auto-exploring this place.
 F = Levels seen in this place.
 G = Mean time per level.
                   A        B        C        D        E       F      G
               +--------+--------+--------+--------+--------+-----+--------+
         Total | 152025 | 142393 |   9632 |  13395 | 103204 | 108 | 1407.6 |
       Dungeon |  25118 |  22061 |   3057 |   1949 |  17157 |  15 | 1674.5 |
        Temple |      1 |      1 |      0 |      0 |      0 |   1 |    1.0 |
          Lair |  10918 |  10027 |    891 |   1814 |   6508 |   5 | 2183.6 |
        Shoals |   6282 |   5889 |    393 |    320 |   4632 |   4 | 1570.5 |
     Snake Pit |   9133 |   8650 |    483 |    687 |   7017 |   4 | 2283.2 |
    Slime Pits |   3429 |   3035 |    394 |    251 |   2345 |   5 |  685.8 |
  Orcish Mines |   4039 |   3505 |    534 |    474 |   2131 |   2 | 2019.5 |
   Elven Halls |   5134 |   4800 |    334 |    443 |   3582 |   3 | 1711.3 |
        Vaults |  11608 |  10865 |    743 |   1053 |   7714 |   5 | 2321.6 |
         Crypt |   4929 |   4469 |    460 |    173 |   3236 |   3 | 1643.0 |
        Depths |   7564 |   6723 |    841 |   1620 |   3888 |   4 | 1891.0 |
          Hell |   1112 |    956 |    156 |      0 |    780 |   1 | 1112.0 |
           Dis |   5957 |   5771 |    186 |    626 |   4190 |   7 |  851.0 |
       Gehenna |   4224 |   4068 |    156 |     89 |   3408 |   7 |  603.4 |
       Cocytus |   6342 |   6135 |    207 |    672 |   4099 |   7 |  906.0 |
      Tartarus |   3718 |   3665 |     53 |    386 |   2304 |   5 |  743.6 |
           Zot |   9081 |   8343 |    738 |   1180 |   5665 |   5 | 1816.2 |
   Pandemonium |  31341 |  31341 |      0 |   1438 |  23113 |  23 | 1362.7 |
         Sewer |    407 |    407 |      0 |     94 |    228 |   1 |  407.0 |
        Bailey |   1679 |   1679 |      0 |    126 |   1204 |   1 | 1679.0 |
               +--------+--------+--------+--------+--------+-----+--------+

Top non-repeatable levels by time:
   Dis:7: 4086 daAuts
    D:11: 3734 daAuts
Vaults:5: 3405 daAuts
   Coc:7: 3277 daAuts
    D:10: 3032 daAuts
  Lair:4: 3014 daAuts
 Snake:2: 2916 daAuts
   Zot:2: 2844 daAuts
   Orc:2: 2750 daAuts
Depths:2: 2583 daAuts
 Snake:4: 2553 daAuts
  Lair:3: 2549 daAuts
    D:13: 2531 daAuts
   Zot:3: 2518 daAuts
Shoals:1: 2217 daAuts
